 Dungeon Crawl Stone Soup version 0.31.0-11-ge490571c62 (webtiles) character file.

Game seed: 15596586908738157609

237 qw the Shooter (level 5, -2/26 HPs)
             Began as a Spriggan Hunter on Feb 4, 2024.
             Killed from afar by Dowan (10 damage)
             ... with a puff of flame
             ... on level 4 of the Dungeon.
             The game lasted 00:00:12 (2327 turns).

qw the Shooter (Spriggan Hunter)                    Turns: 2327, Time: 00:00:12

Health: -2/26      AC:  5    Str:  7      XL:     5   Next: 77%
Magic:  0/6        EV: 19    Int:  9 (11) God:
Gold:   89         SH:  0    Dex: 17 (20) Spells: 4/4 levels left

rFire   x . .        a - +1 shortbow
rCold   . . .        (shield currently unavailable)
rNeg    . . .        c - +0 robe
rPois   .            (helmet restricted)
rElec   .            (no cloak)
rCorr   .            (gloves unavailable)
SInv    +            (boots unavailable)
Will    .....        g - amulet of guardian spirit
Stlth   ++           i - +4 ring of protection
HPRegen 0.00/turn    (no ring)
MPRegen 0.10/turn

%: clarity, guardian spirit
@: inhibited regen, hasted, very quick
A: very small, no large weapons, unfitting armour, see invisible, speed 3,
clarity, deformed body, inhibited regeneration, heat vulnerability 1
a: no special abilities


You were on level 4 of the Dungeon.
You visited 1 branch of the dungeon, and saw 4 of its levels.

You collected 164 gold pieces.
You spent 75 gold pieces at shops.


Innate Abilities, Weirdness & Mutations

You are very small and have problems with some larger weapons.
You are too small for most types of armour.
You have supernaturally acute eyesight. (SInv)
You cover ground extremely quickly. (Speed+++)
You possess an exceptional clarity of mind.
Armour fits poorly on your strangely shaped body.
You do not regenerate when monsters are visible.
You are vulnerable to heat. (rF-)


   Skills:
 - Level 2.2 Fighting
 + Level 5.9 Ranged Weapons
 - Level 5.0 Dodging
 - Level 1.5 Stealth


You had 4 spell levels left.
You didn't know any spells.
Your spell library was empty.

Inventory:

Hand Weapons
 a - a +1 shortbow (weapon)
Armour
 c - a +0 robe (worn)
Jewellery
 g - an amulet of guardian spirit (around neck)
 i - a +4 ring of protection (left hand)
Scrolls
 j - 3 scrolls of enchant armour
Potions
 b - a potion of haste
 f - a potion of might
 h - a potion of enlightenment
 m - 2 potions of curing

Dungeon Overview and Level Annotations

Branches:
Dungeon (4/15)
 Temple: D:4-7

Altars:
Hepliaklqana

Shops:
D:2 *

Annotations:
D:4 Dowan, Duvessa


Message History

Duvessa says, "When magic and the sword combine, nothing stands against them."
Enter note:
2311 ||| RETREEEEATING.
Enter note:
2312 ||| RETREEEEATING.
A ball python comes into view.
2314 ||| RETREEEEATING.
2316 ||| RETREEEEATING.
2318 ||| RETREEEEATING.
2319 ||| DRINKING 2 potions of haste.
You feel yourself speed up. Duvessa hits you with a +0 rapier.
You shoot an arrow. The arrow hits Duvessa.
Duvessa is lightly wounded.
Duvessa hits you with a +0 rapier!
Dowan mumbles some strange words.
Dowan blinks!
You shoot an arrow.
The arrow hits Duvessa but does no damage.
Duvessa is lightly wounded.
Duvessa hits you with a +0 rapier.
You shoot an arrow. The arrow completely misses Duvessa.
Duvessa closely misses you.
Dowan says, "Magic and the sword, together, will defeat you."
You shoot an arrow. The arrow barely misses Duvessa.
Duvessa says, "My weaknesses are his strengths!"
Duvessa misses you.
You shoot an arrow.
The arrow hits Duvessa but does no damage.
Duvessa hits you but does no damage.
You shoot an arrow.
The arrow hits Duvessa but does no damage.
Duvessa misses you.
You shoot an arrow. The arrow closely misses Duvessa.
Duvessa closely misses you.
You shoot an arrow. The arrow hits Duvessa!
Duvessa is moderately wounded.
Duvessa hits you with a +0 rapier. Dowan casts a spell at you.
The puff of flame hits you! The fire burns you terribly!
You die...

#... ....[..
.... .........
... .........
..# ......... ..
..###...(.... .
. ..##........
#. #.
#.#../e..... #.
. #@#.........
#.#.#.e.........
#...#...........
#...e.........
###.........$.
#...........
###.....#...#.
##........##...
#..#..###..##..


You could see Duvessa (fast) and Dowan.

Vanquished Creatures
  2 orc priests
  3 orc wizards (D:3)
  3 dart slugs
  13 orcs
  10 endoplasms
  6 goblins
  5 hobgoblins
  10 jackals (D:3)
  4 kobolds
  4 quokkas
  7 ball pythons
  4 bats
  5 frilled lizards
  8 rats
84 creatures vanquished.

Notes
Turn   | Place    | Note
-------+----------+-------------------------------------------
     0 | D:1      | qw the Spriggan Hunter began the quest for the Orb.
     0 | D:1      | Reached XP level 1. HP: 10/10 MP: 2/2
     0 | D:1      | 0 ||| qw: Version: 0.3-a-160-g6735b56
     0 | D:1      | 0 ||| qw: Game counter: 4956
     0 | D:1      | 0 ||| qw: Melee chars always use a shield: true
     0 | D:1      | 0 ||| qw: God list: Okawaru
     0 | D:1      | 0 ||| qw: Allow faded altars: false
     0 | D:1      | 0 ||| qw: Do Orc after clearing Dungeon:15 true
     0 | D:1      | 0 ||| qw: Do second Lair branch before Depths: true
     0 | D:1      | 0 ||| qw: Lair rune preference: random
     0 | D:1      | 0 ||| qw: Goals: Normal
     0 | D:1      | 0 ||| PLANNING D:1-11
    77 | D:1      | Reached skill level 3 in Dodging
   133 | D:1      | Reached XP level 2. HP: 14/14 MP: 3/3
   281 | D:1      | Found a faded altar of an unknown god.
   597 | D:1      | Reached XP level 3. HP: 18/18 MP: 4/4
   613 | D:1      | 613 ||| UPGRADING to amulet of guardian spirit.
   618 | D:1      | 618 ||| UPGRADING to +4 ring of protection.
   619 | D:1      | 619 ||| READING scroll labelled QISTRY ROROPPOO.
   619 | D:1      | 619 ||| ENCHANTING +0 shortbow.
   620 | D:1      | 620 ||| READING scroll labelled TOOSAO BUCKUEX.
   620 | D:1      | 620 ||| ENCHANTING +1 shortbow.
   621 | D:1      | 621 ||| DRINKING 2 grey potions.
   621 | D:1      | Gained mutation: You do not regenerate when monsters are
                  | visible. [potion of mutation]
   621 | D:1      | Gained mutation: You occasionally shout uncontrollably at
                  | your foes. [potion of mutation]
   621 | D:1      | Gained mutation: Your spells are a little harder to cast,
                  | but a little more powerful. [potion of mutation]
   622 | D:1      | 622 ||| DRINKING potion of mutation.
   622 | D:1      | Lost mutation: You occasionally shout uncontrollably at
                  | your foes. [potion of mutation]
   622 | D:1      | Lost mutation: Your spells are a little harder to cast, but
                  | a little more powerful. [potion of mutation]
   622 | D:1      | Gained mutation: Armour fits poorly on your strangely
                  | shaped body. [potion of mutation]
   622 | D:1      | Gained mutation: You are vulnerable to heat. (rF-) [potion
                  | of mutation]
   622 | D:1      | Gained mutation: You possess an exceptional clarity of
                  | mind. [potion of mutation]
   623 | D:1      | 623 ||| DROPPING scroll of butterflies.
   632 | D:2      | 632 ||| STAIRDANCE
   636 | D:2      | 636 ||| STAIRDANCE
   640 | D:2      | 640 ||| STAIRDANCE
   644 | D:2      | 644 ||| STAIRDANCE
   649 | D:2      | 649 ||| STAIRDANCE
   693 | D:2      | 693 ||| STAIRDANCE
   806 | D:2      | Found Ceuneist's Assorted Antiques.
   812 | D:2      | 812 ||| SHOPLISTING ichor-stained scarf (250 gold, have
                  | 92).
   812 | D:2      | 812 ||| BUYING scroll labelled DUYNUCSILECLING (25 gold).
   812 | D:2      | Bought a scroll labelled DUYNUCSILECLING for 25 gold pieces
   812 | D:2      | 812 ||| BUYING scroll labelled JYFUV ANUE (25 gold).
   812 | D:2      | Bought a scroll labelled JYFUV ANUE for 25 gold pieces
   812 | D:2      | 812 ||| BUYING scroll labelled REUDWEE FECVICOTOA (25
                  | gold).
   812 | D:2      | Bought a scroll labelled REUDWEE FECVICOTOA for 25 gold
                  | pieces
   812 | D:2      | 812 ||| SHOPLISTING scroll labelled SIPSAKLUSS (25 gold,
                  | have 17).
   812 | D:2      | 812 ||| SHOPLISTING white potion (22 gold, have 17).
  1324 | D:2      | 1324 ||| READING scroll labelled ISHESTR TAGROI.
  1329 | D:2      | 1329 ||| READING scroll labelled YSHRICL KODGHOG.
  1330 | D:2      | 1330 ||| READING scroll labelled DUYNUCSILECLING.
  1331 | D:2      | 1331 ||| READING scroll labelled JYFUV ANUE.
  1331 | D:2      | 1331 ||| IDENTIFYING inky potion
  1332 | D:2      | 1332 ||| READING scroll labelled REUDWEE FECVICOTOA.
  1362 | D:3      | Reached XP level 4. HP: 19/22 MP: 5/5
  1362 | D:3      | 1362 ||| FLEEEEING.
  1363 | D:3      | 1363 ||| FLEEEEING.
  1366 | D:3      | 1366 ||| STAIRDANCE
  1541 | D:3      | Found a hazy altar of Hepliaklqana.
  1773 | D:3      | Reached XP level 5. HP: 8/26 MP: 2/6
  2083 | D:3      | 2083 ||| READING 3 scrolls of identify.
  2083 | D:3      | 2083 ||| IDENTIFYING fuming sapphire potion
  2084 | D:3      | 2084 ||| READING 2 scrolls of identify.
  2084 | D:3      | 2084 ||| IDENTIFYING fuming white potion
  2085 | D:3      | 2085 ||| READING scroll of identify.
  2085 | D:3      | 2085 ||| IDENTIFYING 2 fizzy coppery potions
  2086 | D:3      | 2086 ||| READING scroll labelled QEASOT XIEGAI.
  2087 | D:3      | 2087 ||| DRINKING 2 fizzy black potions.
  2088 | D:3      | 2088 ||| DRINKING 3 puce potions.
  2089 | D:3      | 2089 ||| DROPPING potion of invisibility.
  2090 | D:3      | 2090 ||| DROPPING potion of degeneration.
  2103 | D:4      | 2103 ||| STAIRDANCE
  2307 | D:4      | Noticed Dowan
  2308 | D:4      | Noticed Duvessa
  2310 | D:4      | 2310 ||| RETREEEEATING.
  2311 | D:4      | 2311 ||| RETREEEEATING.
  2312 | D:4      | 2312 ||| RETREEEEATING.
  2314 | D:4      | 2314 ||| RETREEEEATING.
  2316 | D:4      | 2316 ||| RETREEEEATING.
  2318 | D:4      | 2318 ||| RETREEEEATING.
  2319 | D:4      | 2319 ||| DRINKING 2 potions of haste.
  2327 | D:4      | Killed from afar by Dowan

Levels and vault maps discovered:
D:1:      minmay_arrival_pointy, layout_rooms, shapermc_ecumenical_altar_venn
D:2:      layout_loops_ring, serial_shops, shop
D:3:      layout_basic, nicolae_hepliaklqana_hazy_memory
D:4:      layout_rooms, lemuel_mausoleum_altar_kikubaaqudgha,
          ebering_ghost_disaster_area, uniq_blork_the_orc, uniq_duvessa

Skill      XL: |  1  2  3  4 |
---------------+-------------+-----
Dodging        | 3 4 5 |  5.0
Ranged Weapons | 5 |  5.9
Fighting       | 2 |  2.2
Stealth        | |  1.5

Action                     |  1- 3 |  4- 6 || total
---------------------------+-------+-------++-------
   Fire: Shortbow          |   119 |   117 ||   236
    Use: Scroll            |     7 |     4 ||    11
         Potion            |     2 |     3 ||     5
 Armour: Robe              |    15 |    20 ||    35
  Dodge: Dodged            |    52 |    60 ||   112

Table legend:
 A = Non-vault XP
 B = Vault XP
 C = Vault XP percentage of total XP
 D = Non-vault monster count
 E = Vault monster count
 F = Vault count percentage of total count
                 A         B        C        D         E       F
            +---------+---------+-------+---------+---------+-------
      Total |     339 |       0 |   0.0 |      84 |       0 |   0.0
            +---------+---------+-------+---------+---------+-------
        D:1 |      48 |       0 |   0.0 |      28 |       0 |   0.0
        D:2 |      26 |       0 |   0.0 |      14 |       0 |   0.0
        D:3 |     225 |       0 |   0.0 |      41 |       0 |   0.0
        D:4 |      40 |       0 |   0.0 |       1 |       0 |   0.0
            +---------+---------+-------+---------+---------+-------
